 Dungeon Crawl Stone Soup version 0.30-a0-250-g41c1d76940 (webtiles) character file.

Game seed: 14255014217204732618

130 dracfodder the Conjurer (level 4, 0/29 (33) HPs)
             Began as a Draconian Conjurer on Oct 13, 2022.
             Killed by nerve-wracking pain
             ... invoked by Grinder
              (13 damage)
             ... on level 3 of the Dungeon.
             The game lasted 00:14:35 (2687 turns).

dracfodder the Conjurer (Draconian Conjurer)        Turns: 2687, Time: 00:14:35

HP:   0/29 (33)     AC:  5    Str: 10    XL:     4   Next: 89%
MP:   1/8           EV: 12    Int: 20    God:
Gold: 103           SH:  0    Dex:  9    Spells: 1/8 levels left

rFire   . . .      SeeInvis .    c - +3 flail
rCold   . . .      Faith    .    (no shield)
rNeg    . . .      Spirit   .    (body armour unavailable)
rPois   .          Reflect  .    (helmet restricted)
rElec   .          Harm     .    (no cloak)
rCorr   .          Rampage  .    (no gloves)
Will    .....                    (no boots)
Stlth   ++........               (no amulet)
HPRegen 0.24/turn                (no ring)
MPRegen 0.11/turn                (no ring)

@: heavily drained
A: AC +5, unfitting armour, cold-blooded
a: no special abilities


You were on level 3 of the Dungeon.
You visited 1 branch of the dungeon, and saw 3 of its levels.

You collected 103 gold pieces.

Inventory:

Hand Weapons
 c - a +3 flail (weapon)
Missiles
 b - 27 stones
 g - 3 throwing nets
Jewellery
 d - a +6 ring of strength
Scrolls
 e - a scroll of fog
 f - a scroll of teleportation
Potions
 a - a potion of magic
 k - 2 potions of might {unknown}
 l - a potion of flight {unknown}
 m - a potion of attraction {unknown}
 n - a potion of lignification {unknown}


   Skills:
 + Level 0.8 Maces & Flails
 + Level 2.3 Dodging
 + Level 2.1 Stealth
 + Level 2.7 Spellcasting
 + Level 5.3 Conjurations


You had one spell level left.
You knew the following spells:

 Your Spells              Type           Power      Damage    Failure   Level
a - Magic Dart            Conj           96%        1d7       1%          1
b - Searing Ray           Conj           48%        2d6       2%          2
c - Kiss of Death         Conj/Necr      52%        2d9       4%          1
d - Dazzling Flash        Conj/Hex       26%        N/A       14%         3

Your spell library contained the following spells:

 Spells                   Type           Power      Damage    Failure   Level
 Confusing Touch          Hex            2%         N/A       41%         3
 Fulminant Prism          Conj/Hex       6%         3d7       43%         4
 Iskenderun's Mystic Bla  Conj/Tloc      13%        2d5       43%         4
 Dispel Undead            Necr           2%         3d7       82%         4


Dungeon Overview and Level Annotations

Branches:
Dungeon (3/15)

Altars:
Xom

Annotations:
D:3 Grinder, Terence


Innate Abilities, Weirdness & Mutations

Your plain brown scales are hard. (AC +5)
You cannot fit into any form of body armour.
You are cold-blooded and may be slowed by cold attacks.


Message History

Press: ? - help, Shift-Dir - straight line, f - Grinder
Aim: Grinder (77% to hit)
The searing ray hits Grinder.
Grinder is lightly wounded. (Press . to maintain the ray.) Grinder gestures at you.
You suddenly lose the ability to move!
Grinder hits you.
You writhe in agony.
You can move again.
Grinder hits you.
You writhe in agony.
Casting: Searing Ray (safe; 2% risk of failure)
Confirm with . or Enter, or press ? or * to list all spells.
Aiming: Searing Ray (safe; 2% risk of failure)
Press: ? - help, Shift-Dir - straight line, f/p - Grinder
Aim: Grinder (lightly wounded, 77% to hit)
The searing ray hits Grinder.
Grinder is lightly wounded. (Press . to maintain the ray.) Grinder gestures at you.
Pain shoots through your body!
* * * LOW HITPOINT WARNING * * *
The searing ray hits Grinder.
Grinder is moderately wounded.
Grinder blinks!
The searing ray hits Grinder.
Grinder is moderately wounded.
You finish channelling your searing ray.
Grinder says, "Mostly I couldn't keep them alive."
Grinder blinks!
You feel better. Grinder gestures at you. Pain shoots through your body!
Aiming: Magic Dart (safe; 1% risk of failure)
Press: ? - help, Q - select action, (/) - cycle Shift-Dir - straight line, f/p - Grinder
Aim: Grinder (moderately wounded, 100% to hit)
The magic dart hits Grinder but does no damage.
Grinder is moderately wounded.
Grinder gestures at you. Pain shoots through your body!
You die...

############
#........5.#
#.########.####### #.#
#.....@.......
#######.###.####.#######
............# #.#
...)?#........##.#
####.#..#####.##.#
#.#..# #<# #.#..# #.#
#..... ... #.#....


You could see Grinder.

Vanquished Creatures
  4 gnolls (D:3)
  4 adders (D:2)
  A dart slug (D:1)
  An orc (D:3)
  5 ball pythons
  7 bats
  5 endoplasms
  4 giant cockroaches
  2 goblins
  5 hobgoblins
  2 jackals (D:1)
  4 kobolds
  2 quokkas (D:2)
  3 frilled lizards
  5 rats
54 creatures vanquished.

Notes
Turn   | Place    | Note
-------+----------+-------------------------------------------
     0 | D:1      | dracfodder the Draconian Conjurer began the quest for the
                  | Orb.
     0 | D:1      | Reached XP level 1. HP: 14/14 MP: 3/3
   195 | D:1      | Reached XP level 2. HP: 18/20 MP: 1/5
   305 | D:1      | Learned a level 2 spell: Searing Ray
  1086 | D:2      | Reached XP level 3. HP: 26/26 MP: 4/6
  1464 | D:2      | Found a faded altar of an unknown god.
  1645 | D:2      | Reached skill level 5 in Conjurations
  1683 | D:2      | Reached XP level 4. HP: 23/33 MP: 0/7
  2152 | D:3      | Noticed Terence
  2152 | D:3      | Found a shimmering altar of Xom.
  2337 | D:3      | Learned a level 1 spell: Kiss of Death
  2341 | D:3      | Learned a level 3 spell: Dazzling Flash
  2675 | D:3      | Noticed Grinder
  2677 | D:3      | Paralysed by Grinder for 3 turns
  2687 | D:3      | Killed from afar by Grinder

Illustrated notes

Levels and vault maps discovered:
D:1:      lemuel_arrival_room, layout_basic
D:2:      layout_rooms, shapermc_ecumenical_altar_ellora,
          chequers_serial_rivers_marsh, corexii_item_surrounded_by_moat
D:3:      layout_loops_ring, xom_butterflies, uniq_terence, uniq_grinder

Skill      XL: |  1  2  3 |
---------------+----------+-----
Dodging        | 2 |  2.3
Conjurations   | 5 |  5.3
Stealth        | 2 |  2.1
Maces & Flails | |  0.8
Spellcasting   | |  2.7

Action                   |  1- 3 |  4- 6 || total
-------------------------+-------+-------++-------
Melee: Club              |    35 |     3 ||    38
       Tailslap          |     4 |     1 ||     5
Throw: Stone             |     1 |       ||     1
       Throwing net      |     1 |       ||     1
 Cast: Magic Dart        |    61 |    24 ||    85
       Searing Ray       |     4 |     4 ||     8
       Dazzling Flash    |       |     1 ||     1
       Kiss of Death     |       |     1 ||     1
  Use: Scroll            |     9 |       ||     9
       Potion            |       |     2 ||     2
Armor: Skin              |    16 |       ||    16
Dodge: Dodged            |    53 |     7 ||    60

Table legend: (Time is in decaauts)
 A = Elapsed time spent in this place.
 B = Non-inter-level travel time spent in this place.
 C = Inter-level travel time spent in this place.
 D = Time resting spent in this place.
 E = Time spent auto-exploring this place.
 F = Levels seen in this place.
 G = Mean time per level.
                   A        B        C        D        E       F      G
               +--------+--------+--------+--------+--------+-----+--------+
         Total |   2707 |   2645 |     62 |    860 |   1227 |   3 |  902.3 |
       Dungeon |   2707 |   2645 |     62 |    860 |   1227 |   3 |  902.3 |
               +--------+--------+--------+--------+--------+-----+--------+

Top non-repeatable levels by time:
     D:2: 1102 daAuts
     D:1: 1101 daAuts
     D:3: 502 daAuts
